[Event "Titled Tuesday Blitz September 27 Late 2022"]
[White "Gorshtein, Ido"]
[Black "Vovk, Orest"]
[WhiteFideId "2815532"]
[BlackFideId "14113490"]
[WhiteElo "2411"]
[BlackElo "2203"]
[Result "1/2-1/2"]
[Round "01"]
[TimeControl "180+1"]
[Date "2022.09.28"]
[WhiteClock "0:00:25"]
[BlackClock "0:00:18"]

1. Nf3 g5 2. g3 g4 3. Ng1 h5 4. h3 Bg7 5. hxg4 hxg4 6. Rxh8 Bxh8 7. Bg2 d5 8. d3 c6 9. Nc3 Nf6 10. Bg5 Nbd7 11. Qd2 Qb6 12. O-O-O Nc5 13. d4 Nce4 14. Bxe4 Nxe4 15. Nxe4 dxe4 16. e3 Be6 17. Kb1 f6 18. Bf4 O-O-O 19. Ne2 f5 20. Qc1 Qa5 21. b3 Bf6 22. Qd2 Qxd2 23. Rxd2 Rh8 24. Be5 Rh1+ 25. Kb2 Bg5 26. Nf4 Bxf4 27. Bxf4 b5 28. c4 bxc4 29. Rc2 c3+ 30. Kxc3 Bd5 31. Kb4 Kb7 32. Rb2 Rc1 33. Ka5 e6 34. a4 c5 35. dxc5 Rxc5+ 36. Kb4 Kb6 37. Be5 a5+ 38. Ka3 Rc1 39. Bd4+ Kc6 40. Rd2 Rb1 41. Rc2+ Kd6 42. Bb2 e5 43. Ka2 Rd1 44. Bc3 Rd3 45. Kb2 Ke6 46. Rd2 f4 47. Rxd3 exd3 48. Bxa5 fxg3 49. fxg3 Kf5 50. b4 Ke4 51. Bb6 d2 52. Kc2 Bb3+ 53. Kxd2 Bxa4 54. Kc3 Bb5 55. Bc5 Kd5 56. Ba7 Ke4 57. Bb6 Kd5 58. Bc7 Ke4 59. Kd2 Kd5 60. Bb8 Ke4 61. Bc7 Kd5 62. Bb8 Ke4 63. Bc7 1/2-1/2


[Site "https://www.chess.com"]

[Event "Titled Tuesday Blitz September 27 Late 2022"]
[White "Jobava, Baadur"]
[Black "Zong, Davis"]
[WhiteFideId "13601520"]
[BlackFideId "30903955"]
[WhiteElo "2582"]
[BlackElo "2061"]
[Result "1-0"]
[Round "01"]
[TimeControl "180+1"]
[Date "2022.09.27"]
[WhiteClock "0:01:27"]
[BlackClock "0:00:14"]

1. b3 e5 2. Bb2 Nc6 3. Nf3 e4 4. Nd4 d5 5. e3 Nf6 6. c4 dxc4 7. Nxc6 bxc6 8. Bxc4 Bd6 9. h3 O-O 10. O-O Qe7 11. Re1 Bf5 12. Bf1 Rad8 13. Qc1 c5 14. Na3 c6 15. Nc4 Bc7 16. Qc3 Rfe8 17. Rac1 Qf8 18. Na5 Nd5 19. Qxc5 Qxc5 20. Rxc5 Bb6 21. Rec1 Bxc5 22. Rxc5 Be6 23. Nxc6 Rc8 24. Bd4 Rc7 25. b4 Rec8 26. b5 Nb4 27. Be5 Rb7 28. g4 f6 29. Bd6 Nxa2 30. Ne7+ Rxe7 31. Rxc8+ Bxc8 32. Bxe7 Nc1 33. Bc5 Nb3 34. Bc4+ 1-0


[Site "https://www.chess.com"]

[Event "Titled Tuesday Blitz September 27 Late 2022"]
[White "Kamsky, Gata"]
[Black "Jackson, James P"]
[WhiteFideId "2000024"]
[BlackFideId "416860"]
[WhiteElo "2666"]
[BlackElo "2174"]
[Result "1-0"]
[Round "01"]
[TimeControl "180+1"]
[Date "2022.09.27"]
[WhiteClock "0:00:24"]
[BlackClock "0:00:07"]

1. d4 Nf6 2. Nf3 g6 3. c3 Bg7 4. Bf4 d6 5. h3 O-O 6. Nbd2 c5 7. dxc5 dxc5 8. e4 Nc6 9. Be2 b6 10. O-O Bb7 11. Re1 Qc8 12. a4 Rd8 13. Qc2 Nd7 14. Nc4 Ba6 15. Bf1 Nf8 16. Qb3 Ne6 17. Bg3 Bxc4 18. Qxc4 Na5 19. Qe2 c4 20. Nd2 Nc5 21. Nxc4 Nd3 22. Nxa5 Nxe1 23. Nb3 Nd3 24. e5 Nc5 25. Nd4 Ne6 26. Nf3 Qc5 27. Qe4 Rac8 28. Re1 Qd5 29. Qb4 Nc5 30. Nd4 e6 31. Bc4 Qb7 32. Nb5 Nd3 33. Bxd3 Rxd3 34. Nd6 Qa6 35. Nxc8 Qxc8 36. Qe4 Qd7 37. Bf4 h6 38. h4 Kh7 39. h5 Qd5 40. g4 Qxe4 41. Rxe4 gxh5 42. gxh5 Rd1+ 43. Kg2 Rb1 44. Rb4 Bf8 45. Rd4 Rxb2 46. Rd7 Kg8 47. Be3 a6 48. Ra7 b5 49. Rxa6 b4 50. cxb4 Bxb4 51. Kf3 Kg7 52. Rb6 Bc3 53. Rxb2 Bxb2 54. Ke4 Kf8 55. a5 Ke8 56. a6 1-0


[Site "https://www.chess.com"]

[Event "Titled Tuesday Blitz September 27 Late 2022"]
[White "Kjartansson, Gudmundur"]
[Black "Makarian, Rudik"]
[WhiteFideId "2301318"]
[BlackFideId "44105681"]
[WhiteElo "2338"]
[BlackElo "2410"]
[Result "0-1"]
[Round "01"]
[TimeControl "180+1"]
[Date "2022.09.28"]
[WhiteClock "0:00:11"]
[BlackClock "0:00:08"]

1. d4 Nf6 2. Nf3 g6 3. g3 Bg7 4. Bg2 c5 5. c4 cxd4 6. Nxd4 Nc6 7. Nc3 h5 8. h4 Ng4 9. e3 O-O 10. O-O d6 11. b3 Bd7 12. Bb2 a6 13. Qd2 Nge5 14. Rad1 Rb8 15. Nd5 Bg4 16. f3 Bd7 17. e4 b5 18. cxb5 axb5 19. Rc1 b4 20. Nxc6 Nxc6 21. Bxg7 Kxg7 22. Qb2+ f6 23. Rfd1 Qa5 24. Rxc6 Bxc6 25. Nxe7 Qc7 26. Nd5 Bxd5 27. Rxd5 Rfd8 28. Kh2 Qc3 29. Qf2 Rbc8 30. Bh3 Rc5 31. Rd2 d5 32. Be6 d4 33. f4 d3 34. Kh3 Qd4 35. Qe1 Rc2 36. f5 Rxd2 37. Qxd2 Qxe4 38. Qc1 d2 39. Qc7+ Kh6 40. Qf7 Qh1# 0-1


[Site "https://www.chess.com"]

[Event "Titled Tuesday Blitz September 27 Late 2022"]
[White "Lin, Dachey"]
[Black "Diaz Herquinio, Brahian"]
[WhiteFideId "2029650"]
[BlackFideId "3809480"]
[WhiteElo "2313"]
[BlackElo "1965"]
[Result "1/2-1/2"]
[Round "01"]
[TimeControl "180+1"]
[Date "2022.09.28"]
[WhiteClock "0:00:14"]
[BlackClock "0:00:20"]

1. g4 d5 2. Bg2 Bxg4 3. c4 Bc8 4. cxd5 Nf6 5. Nc3 c6 6. e4 e6 7. dxe6 Bxe6 8. d4 Bb4 9. Ne2 O-O 10. Bg5 h6 11. Bh4 g5 12. Bg3 Re8 13. a3 Bxc3+ 14. Nxc3 Bg4 15. Qd3 Nbd7 16. O-O Nc5 17. Qe3 Nb3 18. e5 Nxa1 19. Rxa1 Qd7 20. f4 gxf4 21. Qxf4 Nh5 22. Qe3 Rad8 23. Bf2 Ng7 24. Ne4 Nh5 25. Qxh6 Qf5 26. Rf1 Qg6 27. Qc1 Bh3 28. Qg5 Bxg2 29. Qxg6+ fxg6 30. Kxg2 Nf4+ 31. Kf3 Ne6 32. Nf6+ Kg7 33. Nxe8+ Rxe8 34. Ke2 Rf8 35. Rd1 Nc7 36. Bh4 Nd5 37. Rg1 Rf4 38. Bf2 Kf7 39. Rg3 Rf5 40. Be3 Rh5 41. h3 a5 42. Kd3 b5 43. Ke4 Rh4+ 44. Kd3 b4 45. Rf3+ Ke6 46. Kc4 bxa3 47. bxa3 Re4 48. Bg5 Re2 49. h4 Rc2+ 50. Kb3 Re2 51. Ka4 Re4 52. Rd3 c5 53. Kxa5 Rxd4 54. Rf3 Kxe5 55. Kb5 Rd1 56. a4 Rb1+ 57. Kc6 Nb4+ 58. Kxc5 Na6+ 59. Kc6 Nb4+ 60. Kd7 Nd5 61. a5 Ra1 62. Bd8 Ra2 63. Rg3 Kf5 64. Rg5+ Ke4 65. Rxg6 Nf4 66. Rd6 Nd3 67. Kc6 Nb4+ 68. Kb7 Ke5 69. Bc7 Nd5 70. Rc6+ Nxc7 71. Rxc7 Rxa5 72. h5 Kf6 73. h6 Rh5 74. Rc6+ Kf7 75. Rc7+ Kg6 76. Rc6+ Kh7 77. Rc3 Kxh6 78. Kc6 Rg5 79. Kd6 Rg6+ 80. Ke7 Rg2 81. Kf6 Rf2+ 82. Ke6 Kg5 83. Re3 Kf4 84. Re5 Ra2 85. Kf6 Ra6+ 86. Re6 Ra1 87. Rb6 Rh1 88. Rb4+ Ke3 89. Rb3+ Kd4 90. Kf5 Rf1+ 91. Ke6 Re1+ 92. Kd6 Rh1 93. Rb4+ Kc3 94. Rg4 Rh6+ 95. Kc5 Rh5+ 96. Kb6 Kd3 97. Kc6 Ke3 98. Ra4 Kd3 99. Ra3+ Kc4 100. Ra4+ Kb3 101. Rg4 Kc3 102. Rg3+ Kc4 103. Rg4+ Kc3 104. Rg3+ Kc4 105. Rg4+ Kc3 1/2-1/2


[Site "https://www.chess.com"]

[Event "Titled Tuesday Blitz September 27 Late 2022"]
[White "Martinez Reyes, Pedro Ramon"]
[Black "Martinez Alcantara, Jose Eduardo"]
[WhiteFideId "3901807"]
[BlackFideId "3805662"]
[WhiteElo "2327"]
[BlackElo "2703"]
[Result "0-1"]
[Round "01"]
[TimeControl "180+1"]
[Date "2022.09.27"]
[WhiteClock "0:00:19"]
[BlackClock "0:01:23"]

1. e4 e5 2. Nf3 Nf6 3. Nc3 Nc6 4. Be2 d6 5. d4 exd4 6. Nxd4 g6 7. Be3 Bg7 8. Nxc6 bxc6 9. Qd2 O-O 10. Bh6 Qe7 11. Bxg7 Kxg7 12. f3 d5 13. O-O-O Rd8 14. Rhe1 Be6 15. e5 Nd7 16. f4 Rab8 17. g4 Qb4 18. b3 Nc5 19. f5 d4 20. f6+ Kh8 21. Qh6 Rg8 22. Nb1 g5 23. Bd3 Nxd3+ 24. cxd3 Bxg4 25. Rd2 Rg6 26. Qxg6 hxg6 27. Re4 Bf5 28. Re1 a5 0-1


[Site "https://www.chess.com"]

[Event "Titled Tuesday Blitz September 27 Late 2022"]
[White "McCoy, Owen"]
[Black "Kaganskiy, Gleb"]
[WhiteFideId "30924502"]
[BlackFideId "4132025"]
[WhiteElo "2609"]
[BlackElo "2165"]
[Result "0-1"]
[Round "01"]
[TimeControl "180+1"]
[Date "2022.09.28"]
[WhiteClock "0:00:05"]
[BlackClock "0:00:11"]

1. d4 d5 2. c4 e6 3. Nf3 Nf6 4. g3 Be7 5. Bg2 O-O 6. O-O c6 7. Qc2 b6 8. Nbd2 Na6 9. a3 Bb7 10. b3 c5 11. dxc5 Nxc5 12. Bb2 Rc8 13. Rac1 Nce4 14. Qb1 Qd6 15. Rfd1 Qb8 16. Qa1 Nxd2 17. Nxd2 dxc4 18. Nxc4 Bxg2 19. Kxg2 Rfd8 20. Rxd8+ Rxd8 21. Rd1 h6 22. f3 Rxd1 23. Qxd1 Nd5 24. e4 Nf6 25. Ne5 Qc7 26. a4 Bd6 27. Nc4 Be7 28. Be5 Qc6 29. Qd4 Kf8 30. g4 Ke8 31. h4 Qd7 32. Qxd7+ Kxd7 33. Bb8 Kc6 34. Bg3 Nd7 35. h5 a6 36. Ne5+ Nxe5 37. Bxe5 Bf6 38. Bxf6 gxf6 39. f4 Kd6 40. g5 fxg5 41. fxg5 Ke7 42. gxh6 Kf8 43. Kg3 Kg8 44. Kf4 f6 45. e5 f5 46. Kg5 Kh7 47. Kf6 f4 48. Kxe6 f3 49. Kd7 f2 50. e6 f1=Q 51. e7 Qd3+ 52. Kc7 Qe4 53. Kd8 Qd5+ 54. Kc8 Qe6+ 55. Kd8 Qd6+ 56. Ke8 Kxh6 57. Kf7 Qf4+ 58. Kg8 Qg5+ 59. Kf7 Qf5+ 60. Kg8 Qe6+ 61. Kf8 Qf6+ 62. Ke8 Kxh5 63. Kd7 Qd4+ 64. Kc6 Qc5+ 65. Kd7 Qd5+ 66. Kc7 Qe6 67. Kd8 Qd6+ 68. Ke8 a5 69. Kf7 Qf4+ 70. Ke6 Qe4+ 71. Kd7 Qd5+ 72. Kc7 Qe6 73. Kd8 Qd6+ 74. Ke8 Kg6 75. b4 axb4 76. a5 bxa5 77. Kf8 Qf6+ 78. Kg8 Qxe7 79. Kh8 Qg7# 0-1


[Site "https://www.chess.com"]

[Event "Titled Tuesday Blitz September 27 Late 2022"]
[White "Melaugh, Shane"]
[Black "Abdisalimov, Abdimalik"]
[WhiteFideId "2509580"]
[BlackFideId "14206323"]
[WhiteElo "1946"]
[BlackElo "2401"]
[Result "0-1"]
[Round "01"]
[TimeControl "180+1"]
[Date "2022.09.27"]
[WhiteClock "0:00:04"]
[BlackClock "0:00:18"]

1. c4 g6 2. Nc3 Bg7 3. g3 c5 4. Bg2 Nc6 5. e4 a6 6. Nge2 Rb8 7. d3 b5 8. O-O e6 9. Be3 Nd4 10. Bf4 d6 11. cxb5 axb5 12. Nxd4 cxd4 13. Nb1 e5 14. Bc1 Ne7 15. Nd2 O-O 16. f4 Be6 17. Nf3 h6 18. Bd2 f5 19. Nh4 Kh7 20. a3 Qd7 21. Rc1 Rbe8 22. Ba5 Rc8 23. Qe2 Nc6 24. Bd2 Ne7 25. Bb4 Rf7 26. Rxc8 Nxc8 27. Bxd6 Qxd6 28. fxe5 Qxe5 29. Nf3 Qd6 30. e5 Qb6 31. Nh4 Ne7 32. g4 fxg4 33. Be4 Rxf1+ 34. Qxf1 Qc5 35. h3 Qxe5 36. Qg2 Qg5 0-1


[Site "https://www.chess.com"]

[Event "Titled Tuesday Blitz September 27 Late 2022"]
[White "Milikow, Yoav"]
[Black "Sam, Gabriel"]
[WhiteFideId "2822237"]
[BlackFideId "75000776"]
[WhiteElo "2341"]
[BlackElo "2449"]
[Result "1-0"]
[Round "01"]
[TimeControl "180+1"]
[Date "2022.09.28"]
[WhiteClock "0:00:16"]
[BlackClock "0:00:10"]

1. d4 Nf6 2. c4 e6 3. Nc3 Bb4 4. Qc2 O-O 5. e4 d5 6. e5 Ne4 7. Bd3 c5 8. Nf3 cxd4 9. Nxd4 Nd7 10. Bf4 Ndc5 11. O-O Nxd3 12. Qxd3 Nxc3 13. bxc3 Be7 14. Rfd1 Qa5 15. Qg3 Rd8 16. Bg5 Bxg5 17. Qxg5 h6 18. Nb3 Qc7 19. Qf4 dxc4 20. Rxd8+ Qxd8 21. Qxc4 Bd7 22. Rd1 Qe8 23. Nc5 Bc6 24. Rd6 Bd5 25. Qb4 Rc8 26. Nd7 Rc4 27. Qb5 Qc8 28. h3 Rxc3 29. Qb4 Rc1+ 30. Kh2 Qc2 31. Qg4 Qg6 32. Qxg6 fxg6 33. Nb8 Rc8 34. Nd7 Kf7 35. Kg3 Ke7 36. a4 Rc3+ 37. f3 Rc8 38. a5 Rd8 39. Nf6 Rxd6 40. Ng8+ Kf7 41. exd6 Bc6 42. Ne7 e5 43. a6 bxa6 44. Nxc6 Ke6 45. d7 Kxd7 46. Nxe5+ Ke6 47. Kf4 a5 48. Ke4 a4 49. Nc4 Kf6 50. f4 Ke6 51. g4 Kf6 52. h4 Ke6 53. g5 h5 54. Na3 a6 55. Nc4 Kd7 56. Kd5 Ke7 57. Ke5 Kd7 58. Kd5 Kc7 59. Ke6 Kc6 60. Kf7 Kc5 61. Na3 Kb4 62. Nb1 a3 63. Nxa3 Kxa3 64. Kxg6 a5 65. f5 a4 66. f6 gxf6 67. gxf6 Kb2 68. f7 a3 69. f8=Q a2 70. Qf6+ Kb1 71. Kxh5 a1=Q 72. Qf1+ Ka2 73. Qxa1+ Kxa1 74. Kg6 1-0


[Site "https://www.chess.com"]

[Event "Titled Tuesday Blitz September 27 Late 2022"]
[White "Muradli, Mahammad"]
[Black "Urbina Perez, Juan Antonio"]
[WhiteFideId "13409301"]
[BlackFideId "2217368"]
[WhiteElo "2611"]
[BlackElo "2197"]
[Result "1-0"]
[Round "01"]
[TimeControl "180+1"]
[Date "2022.09.27"]
[WhiteClock "0:01:56"]
[BlackClock "0:01:50"]

1. Nf3 d5 2. e3 Nf6 3. c4 c6 4. Nc3 g6 5. d4 Bg7 6. Bd3 O-O 7. O-O Bg4 8. cxd5 cxd5 9. Bd2 Nc6 10. Rc1 Bxf3 11. Qxf3 e5 12. dxe5 Nxe5 13. Qe2 Nxd3 14. Qxd3 Rc8 15. Nb5 a6 16. Rxc8 Qxc8 17. Rc1 Qd7 18. Nd4 Rc8 19. Bc3 Ne4 20. g3 Nxc3 21. Rxc3 Rxc3 22. Qxc3 Bxd4 23. Qxd4 Qc6 24. a3 b5 25. h4 h5 26. Kg2 Qc4 27. Qxc4 dxc4 28. Kf3 a5 29. Ke4 b4 30. axb4 axb4 31. Kd4 c3 32. bxc3 b3 33. Kd3 Kf8 34. Kd2 1-0


[Site "https://www.chess.com"]

[Event "Titled Tuesday Blitz September 27 Late 2022"]
[White "Murtazin, Ruslan"]
[Black "Melkumyan, Hrant"]
[WhiteFideId "24175960"]
[BlackFideId "13302485"]
[WhiteElo "2212"]
[BlackElo "2604"]
[Result "1-0"]
[Round "01"]
[TimeControl "180+1"]
[Date "2022.09.27"]
[WhiteClock "0:00:05"]
[BlackClock "0:00:04"]

1. e4 c6 2. d4 d5 3. e5 Bf5 4. h4 h5 5. c4 e6 6. Nc3 dxc4 7. Bxc4 Be7 8. Nf3 Bg4 9. Be3 Nh6 10. Qb3 Qb6 11. Ng5 Nd7 12. f3 Bf5 13. Qxb6 Nxb6 14. Bb3 Bg6 15. Bf2 a5 16. a3 a4 17. Ba2 Nf5 18. O-O O-O 19. Nce4 Rfd8 20. Rfd1 Nd5 21. g3 Ra6 22. Rd2 Rb6 23. Rc1 Ra8 24. Nc5 Ra5 25. Nge4 Nh6 26. Bc4 Nf5 27. Nd7 Rbb5 28. Bxb5 Rxb5 29. Ndc5 Ra5 30. Nxb7 Ra6 31. Nbc5 Ra7 32. Rc4 Ra8 33. Rxa4 Rb8 34. b4 Nb6 35. Ra7 Bf8 36. Nd7 Nxd7 37. Rxd7 Ne7 38. Nc5 Nd5 39. Ra7 Nb6 40. Rd1 Nc4 41. Rc1 Nd2 42. Kg2 Rd8 43. Be3 Nb1 44. Ne4 Nxa3 45. Rxa3 Bxb4 46. Ra7 Rb8 47. Rxc6 Bf8 48. Bf2 Bf5 49. Rcc7 Bg6 50. Rcb7 Rc8 51. Nd6 Rc2 52. Nxf7 Bd3 53. Ng5 Rc1 54. Rb8 Bf1+ 55. Kh2 Bc4 56. Raa8 Rc2 57. Rxf8# 1-0


[Site "https://www.chess.com"]

[Event "Titled Tuesday Blitz September 27 Late 2022"]
[White "Musovic, Armin"]
[Black "Fawzy, Adham"]
[WhiteFideId "939935"]
[BlackFideId "10613129"]
[WhiteElo "2255"]
[BlackElo "2541"]
[Result "1/2-1/2"]
[Round "01"]
[TimeControl "180+1"]
[Date "2022.09.28"]
[WhiteClock "0:00:12"]
[BlackClock "0:00:14"]

1. a3 c5 2. Nc3 Nc6 3. e4 g6 4. Bc4 Bg7 5. d3 d6 6. Nge2 e5 7. f4 Nge7 8. O-O O-O 9. h3 Be6 10. Ng3 exf4 11. Bxf4 d5 12. Ba2 d4 13. Nb1 Bxa2 14. Rxa2 b5 15. Nd2 Qd7 16. Nf3 c4 17. Ra1 h6 18. e5 Nd5 19. Qc1 Nxf4 20. Qxf4 Qd5 21. Rae1 Rae8 22. Re4 Nxe5 23. Rfe1 Nxf3+ 24. Qxf3 Rxe4 25. Rxe4 f5 26. Re7 Qxf3 27. gxf3 Rf7 28. Re8+ Kh7 29. Rc8 Be5 30. Ne2 Rc7 31. Rxc7+ Bxc7 32. Kf1 Be5 33. f4 Bf6 34. Kg2 Kg7 35. Kf3 Kf7 36. b3 c3 37. b4 Ke6 38. Nc1 Kd5 39. Nb3 Bd8 40. Nc5 Bb6 41. Nb3 Bc7 42. h4 Bd8 43. Kg3 Be7 44. Kh3 Bd6 45. h5 gxh5 46. Kg3 h4+ 47. Kf3 h3 48. Kg3 Bxf4+ 49. Kxh3 Bd6 50. Nc1 a5 51. bxa5 Bxa3 52. a6 Bc5 53. Nb3 Bb6 54. Nc1 b4 55. Nb3 Kc6 56. Kg3 Kb5 57. Kf4 Kxa6 58. Kxf5 Kb5 59. Kg6 Kc6 60. Kxh6 Kd5 61. Kg5 Ke5 62. Kg4 Bd8 63. Kf3 Bf6 64. Nc5 Kf5 65. Nb3 Bg5 66. Nc5 Bf6 67. Nb3 Be5 68. Na5 Bd6 69. Nb3 Be5 70. Nc5 Bc7 71. Nb3 Bb6 72. Nc1 Ke5 73. Nb3 Bd8 74. Nc5 Bg5 75. Nb3 Be3 76. Na5 Kf5 77. Nb3 Kg5 78. Nc5 Kh4 79. Nb3 Kh3 80. Nc5 Kh2 81. Nb3 Kg1 82. Ke2 Kg2 83. Nc5 Kg3 84. Nb3 Kg4 85. Nc5 Kf4 86. Nb3 Kf5 87. Na5 Ke5 88. Kd1 Kd5 89. Nb3 Kc6 90. Na5+ Kb5 91. Nb3 Ka4 92. Ke2 Ka3 93. Kd1 Kb2 94. Nc5 Ka2 95. Nb3 Bf2 96. Nc5 Bg3 97. Nb3 Be5 98. Na5 Bc7 99. Nb3 Bb6 100. Kc1 Ka3 101. Kb1 Ba7 102. Na5 Bb8 103. Nb3 Be5 104. Nc5 Bf4 105. Nb3 Be3 106. Ka1 Bf2 107. Kb1 Ka4 108. Ka2 Kb5 109. Nc1 Kc6 110. Kb3 1/2-1/2


[Site "https://www.chess.com"]

[Event "Titled Tuesday Blitz September 27 Late 2022"]
[White "Nakamura, Hikaru"]
[Black "Cruz Mendez, Jean Marco"]
[WhiteFideId "2016192"]
[BlackFideId "3526402"]
[WhiteElo "2850"]
[BlackElo "2064"]
[Result "1-0"]
[Round "01"]
[TimeControl "180+1"]
[Date "2022.09.27"]
[WhiteClock "0:02:22"]
[BlackClock "0:00:44"]

1. Nf3 Nf6 2. g3 d5 3. Bg2 e6 4. O-O Be7 5. d3 O-O 6. Nbd2 c5 7. e4 Nc6 8. Re1 Qc7 9. e5 Nd7 10. Qe2 b5 11. Nf1 b4 12. h4 a5 13. h5 h6 14. N1h2 Re8 15. Ng4 Bf8 16. Bf4 Nd4 17. Qd2 Nf5 18. Ngh2 Qd8 19. g4 Nh4 20. Nxh4 Qxh4 21. Re3 Qe7 22. Rae1 Rb8 23. Rg3 c4 24. g5 hxg5 25. Bxg5 Qc5 26. d4 Qb6 27. Qf4 c3 28. b3 a4 29. h6 g6 30. h7+ 1-0


[Site "https://www.chess.com"]

[Event "Titled Tuesday Blitz September 27 Late 2022"]
[White "Namitbir Singh Walia"]
[Black "Rychagov, Andrey"]
[WhiteFideId "35071068"]
[BlackFideId "4119932"]
[WhiteElo "1664"]
[BlackElo "2431"]
[Result "1-0"]
[Round "01"]
[TimeControl "180+1"]
[Date "2022.09.28"]
[WhiteClock "0:00:06"]
[BlackClock "0:00:01"]

1. d4 f5 2. c4 Nf6 3. Nf3 g6 4. g3 Bg7 5. Bg2 O-O 6. O-O d6 7. b3 a5 8. Bb2 Qe8 9. d5 Na6 10. Nc3 Bd7 11. Re1 Nc5 12. Nd4 c6 13. a3 Rc8 14. b4 axb4 15. axb4 Nce4 16. dxc6 bxc6 17. Qd3 c5 18. bxc5 Nxc5 19. Qc2 Rb8 20. Ndb5 Qf7 21. Nd5 Nfe4 22. Bxg7 Qxg7 23. Nbc3 Nxc3 24. Qxc3 Qxc3 25. Nxc3 Rb3 26. Nd5 Kf7 27. Reb1 Rfb8 28. Rxb3 Rxb3 29. h4 Rb2 30. e3 Be6 31. Nf4 Bxc4 32. Ra7 Ne4 33. Rc7 d5 34. Bxe4 fxe4 35. Kg2 h6 36. Rc5 Rd2 37. Nh3 e5 38. Rc7+ Kf6 39. Rc6+ Kf5 40. g4+ Kxg4 41. Rxg6+ Kh5 42. Re6 Be2 43. Kg3 Bc4 44. Rxe5+ Kg6 45. Nf4+ Kf6 46. Re6+ Kg7 47. Rg6+ Kh7 48. Rd6 Rd1 49. h5 Rg1+ 50. Kh2 Rg5 51. Rd7+ Kg8 52. Rd8+ Kh7 53. Rd7+ Rg7 54. Rd6 Rg5 55. Kh3 Bf1+ 56. Kh4 Bc4 57. Ng6 Be2 58. Nf4 Bc4 59. Kh3 Rg1 60. Rd7+ Kg8 61. Ng6 Rf1 62. Kg2 Rd1 63. Nf4 Rd2 64. Kg3 Be2 65. Nxe2 Rxe2 66. Rxd5 Kf7 67. Re5 Kf6 68. Rxe4 Kf5 69. Rf4+ Kg5 70. Rh4 Re1 71. f4+ Kf5 72. Kf3 Rf1+ 73. Ke2 Rg1 74. Rh2 Ke4 75. Rf2 1-0


[Site "https://www.chess.com"]

[Event "Titled Tuesday Blitz September 27 Late 2022"]
[White "Oye-Stromberg, Alexander"]
[Black "Harvey, Marcus R"]
[WhiteFideId "1525999"]
[BlackFideId "400092"]
[WhiteElo "1981"]
[BlackElo "2485"]
[Result "0-1"]
[Round "01"]
[TimeControl "180+1"]
[Date "2022.09.28"]
[WhiteClock "0:00:23"]
[BlackClock "0:00:10"]

1. d4 Nf6 2. c4 e6 3. Nc3 Bb4 4. Qc2 O-O 5. a3 Bxc3+ 6. Qxc3 b6 7. Bg5 Bb7 8. f3 h6 9. Bh4 c5 10. dxc5 bxc5 11. Bxf6 Qxf6 12. Qxf6 gxf6 13. e4 Nc6 14. O-O-O Nd4 15. Ne2 e5 16. Nxd4 exd4 17. Bd3 a5 18. a4 Bc6 19. b3 Rab8 20. Bc2 Rfe8 21. Kd2 h5 22. Rde1 Kg7 23. Rhg1 Kh6 24. g4 h4 25. f4 Rg8 26. h3 Rbe8 27. Bd3 d6 28. Re2 Re7 29. Rge1 Rge8 30. Bc2 Kg7 31. Bd3 Rg8 32. e5 dxe5 33. fxe5 Ree8 34. exf6+ Kxf6 35. Rf1+ Kg7 36. Rf5 Rxe2+ 37. Bxe2 Bg2 38. Rxc5 Bxh3 39. Rh5 Rh8 40. Rxh8 Kxh8 41. Bf3 f5 42. gxf5 Bxf5 43. c5 Kg7 44. c6 Kf6 45. c7 Bc8 46. Kd3 Ke5 47. Bg2 h3 48. Bh1 h2 49. Kd2 Kd6 50. Kd3 Kxc7 51. Kxd4 Bb7 0-1


[Site "https://www.chess.com"]

[Event "Titled Tuesday Blitz September 27 Late 2022"]
[White "Ozalp, Burak"]
[Black "Perez Ponsa, Federico"]
[WhiteFideId "6314210"]
[BlackFideId "117927"]
[WhiteElo "1854"]
[BlackElo "2604"]
[Result "1/2-1/2"]
[Round "01"]
[TimeControl "180+1"]
[Date "2022.09.28"]
[WhiteClock "0:00:07"]
[BlackClock "0:00:17"]

1. e4 c6 2. d4 d5 3. Nc3 dxe4 4. Nxe4 Nf6 5. Nxf6+ exf6 6. Nf3 Bd6 7. Bd3 O-O 8. Be3 Bg4 9. h3 Bh5 10. g4 Bg6 11. Qd2 Nd7 12. O-O-O b5 13. Kb1 Nb6 14. h4 Nc4 15. Qc1 Re8 16. h5 Be4 17. Bxe4 Rxe4 18. Nd2 Nxd2+ 19. Qxd2 Rxg4 20. d5 c5 21. Rdg1 Qd7 22. Qe2 Rxg1+ 23. Rxg1 Re8 24. h6 g6 25. Qf3 f5 26. a3 Bf8 27. d6 Bxd6 28. Rd1 Qc7 29. Qd5 Bf8 30. Qd7 Qxd7 31. Rxd7 a5 32. Ra7 a4 33. Rb7 b4 34. Ra7 Bd6 35. axb4 cxb4 36. Rxa4 f6 37. Ra7 f4 38. Bd4 Bf8 39. Rb7 Re4 40. Bxf6 Bxh6 41. c3 bxc3 42. Bxc3 Bf8 43. Kc2 g5 44. Kd3 Re6 45. b4 g4 46. b5 g3 47. fxg3 fxg3 48. Bd4 g2 49. Ra7 Rd6 50. Ra1 Bg7 51. Ra8+ Kf7 52. Ra7+ Kf8 53. Ra8+ Ke7 54. Ra7+ Rd7 55. Rxd7+ Kxd7 56. Bg1 h5 57. Ke4 h4 58. Kf3 h3 59. Kg3 Bc3 60. Kxh3 Ba5 61. Kxg2 Kd6 62. b6 Bxb6 1/2-1/2


[Site "https://www.chess.com"]

[Event "Titled Tuesday Blitz September 27 Late 2022"]
[White "Pacheco Lugo, Alejandro Jose"]
[Black "Leiva, Gianmarco"]
[WhiteFideId "3903745"]
[BlackFideId "3804399"]
[WhiteElo "2146"]
[BlackElo "2323"]
[Result "0-1"]
[Round "01"]
[TimeControl "180+1"]
[Date "2022.09.28"]
[WhiteClock "0:00:07"]
[BlackClock "0:00:23"]

1. e4 c5 2. Nf3 d6 3. d4 cxd4 4. Nxd4 Nf6 5. Nc3 a6 6. Be3 e6 7. g4 Be7 8. g5 Nfd7 9. h4 Qc7 10. Qd2 Ne5 11. f4 Nc4 12. Bxc4 Qxc4 13. O-O-O Nc6 14. h5 Bd7 15. Kb1 O-O-O 16. b3 Qb4 17. Nxc6 Bxc6 18. Nd5 Qxd2 19. Nxe7+ Kd7 20. Bxd2 Kxe7 21. Rhe1 h6 22. Bc3 hxg5 23. fxg5 Rxh5 24. Rg1 Bxe4 25. Bxg7 Rc8 26. Bf6+ Kd7 27. Rd2 Rh3 28. Kb2 b5 29. Re1 Bg6 30. Rc1 Rc5 31. c4 bxc4 32. Rxc4 Rxc4 33. bxc4 Kc6 34. Be7 Bd3 35. Kc3 Bf5+ 36. Kb4 d5 37. cxd5+ exd5 38. a4 Re3 39. Bf6 Re8 40. Ka5 Kc5 41. Rd4 Re6 42. Rf4 Be4 43. Bc3 Kc4 44. Bf6 d4 45. Rf2 Kd3 46. Kb4 Ke3 47. Rh2 d3 48. Bc3 Rb6+ 49. Kc5 Rc6+ 50. Kb4 Kf4 51. Bd2+ Kg3 52. Rh8 Rc2 53. Bc3 d2 54. Rd8 Kg4 55. Bxd2 Kf5 56. Ka5 Rc6 57. Rd4 Ke5 58. Rb4 Bd5 59. Rb6 Rc2 60. Bb4 Bc4 61. Be7 Kf5 62. Rb4 Ke6 63. Bf6 Kd5 64. Kb6 Ra2 65. a5 Re2 66. Rb2 Re6+ 67. Kb7 Re8 68. Rb6 Kc5 69. Rc6+ Kd5 70. Rxa6 Bxa6+ 71. Kxa6 Kc6 72. Ka7 Kb5 73. a6 Re6 74. Kb7 Rxa6 75. Kc7 Kc5 76. Kd7 Kd5 77. Ke7 Ra7+ 78. Kf8 Ke6 79. Kg7 Kf5 80. Bd8 Rd7 81. Bf6 Rc7 82. Kf8 Kg6 83. Be7 Rc8+ 0-1


[Site "https://www.chess.com"]

[Event "Titled Tuesday Blitz September 27 Late 2022"]
[White "Pakleza, Zbigniew"]
[Black "Meduri, Aakaash"]
[WhiteFideId "1119290"]
[BlackFideId "2032252"]
[WhiteElo "2411"]
[BlackElo "2113"]
[Result "1/2-1/2"]
[Round "01"]
[TimeControl "180+1"]
[Date "2022.09.28"]
[WhiteClock "0:00:03"]
[BlackClock "0:00:04"]

1. d4 d5 2. Bf4 c5 3. e3 Nc6 4. c3 Nf6 5. Nd2 e6 6. Ngf3 Bd6 7. Bg3 O-O 8. Bd3 Qe7 9. Ne5 Bxe5 10. dxe5 Nd7 11. f4 f6 12. Nf3 fxe5 13. fxe5 b6 14. h4 Bb7 15. Qc2 h6 16. h5 Rxf3 17. gxf3 Ncxe5 18. Be2 Rf8 19. Bxe5 Nxe5 20. f4 d4 21. Rh3 Bg2 22. Rh2 Nf3+ 23. Bxf3 Bxf3 24. Qf2 Be4 25. exd4 cxd4 26. Qxd4 Rxf4 27. O-O-O Qg5 28. Qd8+ Qxd8 29. Rxd8+ Kh7 30. Rd7 a5 31. Rd6 Bd5 32. Rxb6 Bxa2 33. Kd2 a4 34. Rb4 Rf1 35. Rxa4 Bb3 36. Re4 Bd5 37. Rb4 g6 38. c4 Be4 39. hxg6+ Kxg6 40. Rb6 Bf5 41. c5 Rf4 42. Kc3 Rf1 43. Kb4 Rf4+ 44. Kb5 Bd3+ 45. Kc6 Kf6 46. Rxh6+ Ke5 47. Rh2 Be4+ 48. Kc7 Rf7+ 49. Kd8 Kd5 50. Rb8 Kxc5 51. Rd2 Bd5 52. Rc8+ Kd6 53. Ke8 Re7+ 54. Kf8 Rd7 55. Re8 e5 56. b4 Rf7+ 57. Kg8 Rf2+ 58. Rxd5+ Kxd5 59. Rd8+ Ke6 60. b5 e4 61. b6 Rb2 62. Re8+ Kf5 63. Rb8 e3 64. b7 Kg6 65. Re8 Rxb7 66. Re6+ Kf5 67. Rxe3 Kg6 68. Re6+ Kf5 69. Re8 Kg6 70. Re6+ Kf5 71. Re8 Kf6 72. Rc8 Rb6 73. Rd8 Kg6 74. Rc8 Kf6 75. Rf8+ Kg6 76. Rc8 Rf6 77. Rf8 Rxf8+ 78. Kxf8 1/2-1/2


[Site "https://www.chess.com"]